Unix NetHack Version 5.0.0-0 post-release - last build May 22 2026 02:22:16 (99d1c3b6dc4b13757aaa5824b55bdea4e1e63757,branch:main).

Game began 2026-05-22 18:38:34, ended 2026-05-22 19:02:19.

Haxasaurus, chaotic male human Barbarian

                 ---------------
                 |.##..........|                                  -----|-
                @-b.f#*........|                                 #-....`|
                i|.b..#..*.)...|                                  |.....|
                #|..[...........##    -----                       |.....|
               ##--------------- #    |.).|                       ..<...|
                                 #####....|                       |.....|
                                      |...|                       -.-----
                                      |....##   ---.-----          #
                                      ----- #   |.......|          #
                                            #   |.......-##      ###
                                            ####|.......| ####  -.-----
                                               #|.......|    #  |.....|
                                               #-.......|    #  |....>|
                                                |.......|    ###......|
                                                ---------       |.....|
                                                                -------

Haxasaurus the Pillager    St:18/01 Dx:17 Co:18 In:7 Wi:8 Ch:6  Chaotic
Dlvl:4  $:2782 HP:0(46) Pw:8(8) AC:5  Xp:4/126 T:1959  Hungry   Burdened

Latest messages:
 Pringle misses the fog cloud.
 The homunculus bites!
 [HP -3, 12 left]
 Pringle misses the fog cloud.
 Pringle misses the fog cloud.
 You dream that you see a gas cloud dissipate.
 The homunculus bites!
 [HP -2, 10 left]
 Pringle misses the fog cloud.
 Pringle misses the fog cloud.
 The homunculus bites!
 [HP -1, 9 left]
 Pringle misses the fog cloud.
 The combat suddenly awakens you.
 The homunculus misses!
 Pringle misses the fog cloud.
 You miss the homunculus.
 The homunculus just misses!
 Pringle misses the fog cloud.
 You miss the homunculus.
 The homunculus bites!
 [HP -2, 8 left]
 Pringle misses the fog cloud.
 Wilmar's ghost touches you!
 [HP -1, 7 left]
 Pringle misses the fog cloud.
 You miss the homunculus.
 The homunculus bites!
 [HP -1, 6 left]
 Pringle misses the fog cloud.
 The homunculus bites!
 [HP -3, 3 left]
 Pringle misses the fog cloud.
 Wilmar's ghost touches you!
 [HP -1, 2 left]
 Pringle misses the fog cloud.
 You smite the homunculus!
 The homunculus bites!
 [HP -1, 2 left]
 Pringle misses the fog cloud.
 Pringle misses the fog cloud.
 You smite the homunculus.
 The homunculus bites!
 [HP -3, -1 left]
 You die...
 Do you want your possessions identified? y
 Do you want to see your attributes? n
 Do you want an account of creatures vanquished? [ynaq] (y)
 Do you want to see your conduct and achievements? n
 Do you want to see the dungeon overview? n

Inventory:
 Coins    ('$')
  $ - 2782 gold pieces
 Weapons  (')')
  w - 5 +0 arrows (in quiver)
  x - a +1 bow (weapon in right hand)
  y - a +0 dagger
  j - a +0 orcish dagger
  a - a +0 battle-axe (alternate weapon; not wielded)
  b - a +0 short sword
 Armor    ('[')
  k - a blessed +1 orcish helm (being worn)
  N - a cursed +0 cloak of magic resistance
  c - an uncursed +0 ring mail (being worn)
 Comestibles  ('%')
  O - a cursed slime mold
  u - an uncursed cram ration
  P - 4 cursed food rations
  Q - 2 cursed tripe rations
  m - 2 uncursed lichen corpses
 Scrolls  ('?')
  h - an uncursed scroll of enchant weapon
  z - a cursed scroll of enchant weapon
  G - a cursed scroll of gold detection
  r - an uncursed scroll of identify
  H - a cursed scroll of light
  v - a cursed scroll of remove curse
  C - a cursed scroll of taming
  s - an uncursed scroll of teleportation
 Spellbooks  ('+')
  S - a cursed spellbook of extra healing
  R - a cursed spellbook of force bolt
  T - a cursed spellbook of healing
  U - a cursed spellbook of healing
 Potions  ('!')
  i - an uncursed potion of blindness
  g - 2 uncursed potions of healing
  f - a cursed potion of healing
  J - a cursed potion of paralysis
  I - a cursed potion of sickness
  E - a cursed potion of speed
 Rings    ('=')
  L - a cursed ring of polymorph named cursed
  D - a cursed ring of see invisible named cursed
  B - a cursed ring of slow digestion named cursed
  l - a cursed ring of teleportation named cursed
  K - a cursed ring of teleportation
 Wands    ('/')
  A - a cursed wand of cancellation (0:2)
  t - a wand of create monster (0:12)
  F - a wand of magic missile (0:5)
  q - a wand of probing (0:3)
  M - a cursed wand of sleep (0:7)
 Tools    ('(')
  V - an uncursed blindfold
  Y - an uncursed blindfold
  W - an uncursed lock pick
  X - a cursed magic marker (0:21)
  p - an uncursed tin whistle
  o - an uncursed towel

Haxasaurus the Barbarian's attributes:

Background:
 You were a Pillager, a level 4 male human Barbarian.
 You were chaotic, nominally on a mission for Set
 who was opposed by Mitra (lawful) and Crom (neutral).
 You were right-handed.
 You were in the Dungeons of Doom, on level 4.
 You entered the dungeon 1959 turns ago.
 You had 126 experience points, 34 more were needed to attain level 5.

Basics:
 You had 0 out of 46 hit points.
 You had all 8 energy points (spell power).
 Your armor class was 5.
 Your wallet contained 2782 zorkmids.
 Autopickup was on for '$"=/!?' plus thrown, with exceptions.

Final Characteristics:
 Your strength was 18/01 (limit:18/100).
 Your dexterity was 17 (limit:18).
 Your constitution was 18 (limit:18).
 Your intelligence was 7 (limit:18).
 Your wisdom was 8 (limit:18).
 Your charisma was 6 (limit:18).

Final Status:
 You were hungry.
 You were burdened; movement was slightly slowed.
 You were wielding a bow.
 You were unskilled in bow.

Final Attributes:
 You were devoutly aligned.
 You were poison resistant.
 You were warded.
 You are dead.

Miscellaneous:
 You encountered 1 bones level.
 Total elapsed playing time was 23 minutes and 44 seconds.

Major events:
 Turn
    1: Haxasaurus the chaotic male human Barbarian entered the dungeon
 1091: entered the Gnomish Mines
 1473: attained the rank of Pillager (level 3)
 1959: killed by a homunculus

You didn't know any spells.

Skills:
 Fighting Skills
   bare handed combat [Basic]
   two weapon combat  [Unskilled]
   riding             [Unskilled]
 Weapon Skills
   dagger             [Unskilled]
   axe                [Basic]
   pick-axe           [Unskilled]
   short sword        [Basic]
   broadsword         [Unskilled]
   long sword         [Unskilled]
   two-handed sword   [Unskilled]
   saber              [Unskilled]
   club               [Unskilled]
   mace               [Unskilled]
   morning star       [Unskilled]
   flail              [Unskilled]
   hammer             [Unskilled]
   quarterstaff       [Unskilled]
   spear              [Unskilled]
   trident            [Unskilled]
   bow                [Unskilled]
 Spellcasting Skills
   attack spells      [Unskilled]
   escape spells      [Unskilled]

Voluntary challenges:
 Character rerolling was not enabled.
 You were an atheist.
 You never genocided any monsters.
 You never polymorphed an object.
 You never changed form.
 You used no wishes.
Achievements:
 You entered a shop.
 You entered the Gnomish Mines.
 You attained the rank of Pillager.

 The Dungeons of Doom: levels 1 to 5
    Level 1:
    Level 2: "vault"
       A fountain.
    Level 3:
       A general store, a fountain, a sink.
       Stairs down to The Gnomish Mines.
    Level 4: <- You were here.
       Final resting place for
          you, killed by a homunculus,
          ironrat-Wiz-Hum-Mal-Neu, killed by a falling rock.
    Level 5:
 The Gnomish Mines:
    Level 4:


Vanquished creatures:
  a ghost
 an elf zombie
  a little dog
  2 floating eyes
  a werejackal
  a coyote
  a hobgoblin
  2 geckos
  3 jackals
  2 goblins
  5 sewer rats
  3 grid bugs
  4 lichens
  2 kobold zombies
  2 newts
31 creatures vanquished.

No species were genocided or became extinct.

Game over:
                       ----------
                      /          \
                     /    REST    \
                    /      IN      \
                   /     PEACE      \
                  /                  \
                  |    Haxasaurus    |
                  |     2782 Au      |
                  |   killed by a    |
                  |    homunculus    |
                  |                  |
                  |                  |
                  |       2026       |
                 *|     *  *  *      | *
        _________)/\\_//(\/(/\)/\//\/|_)_______

Goodbye Haxasaurus the Barbarian...

You died in The Dungeons of Doom on dungeon level 4 with 3218 points,
and 2782 pieces of gold, after 1959 moves.
You were level 4 with a maximum of 46 hit points when you died.

